[Event "fics rated crazyhouse match"]
[Site "fics, Oklahoma City, OK USA"]
[Date "2000.12.23"]
[White "Thufir"]
[WhiteElo "2318"]
[Black "JiggaB"]
[BlackElo "2327"]
[TimeControl "60+0"]
[Result "0-1"]

1. e4 d5 2. exd5 e6 3. Bb5+ c6 4. dxc6 Nxc6 5. Nf3 Nf6 6. d4 
Bd7 7. Nc3 Bb4 8. P@e5 Ne4 9. P@d6 Bxc3+ 10. bxc3 Nxc3 11. Bxc6 Bxc6 
12. N@c7+ Qxc7 13. dxc7 Nxd1 14. Bg5 B@c3+ 15. B@d2 Bxd2+ 16. Nxd2 O-O 17. Rxd1 
N@c3 18. O-O N@h3+ 19. Kh1 Q@g1+ 20. Rxg1 Nxf2# 
{Thufir checkmated} 0-1

[Event "fics rated crazyhouse match"]
[Site "fics, Oklahoma City, OK USA"]
[Date "2000.12.23"]
[White "JiggaB"]
[WhiteElo "2335"]
[Black "Thufir"]
[BlackElo "2310"]
[TimeControl "60+0"]
[Result "0-1"]

1. e4 e6 2. Nf3 d5 3. Nc3 dxe4 4. Nxe4 Nc6 5. d4 P@d5 6. Bg5 
Be7 7. Bxe7 Ngxe7 8. P@f6 dxe4 9. fxg7 Rg8 10. P@h6 Nd5 11. Bc4 exf3 
12. Bxd5 exd5 13. Qxf3 B@e7 14. P@e5 B@e4 15. Qe2 Nxd4 16. Qd2 Nxc2+ 17. Qxc2 
Bxc2 18. O-O P@f3 
{JiggaB resigns} 0-1

[Event "fics rated crazyhouse match"]
[Site "fics, Oklahoma City, OK USA"]
[Date "2000.12.23"]
[White "Thufir"]
[WhiteElo "2319"]
[Black "JiggaB"]
[BlackElo "2326"]
[TimeControl "60+0"]
[Result "1-0"]

1. e4 d5 2. exd5 e6 3. Bb5+ c6 4. dxc6 Nxc6 5. d4 Nf6 6. Nf3 
Be7 7. Bf4 Bd7 8. P@d6 Bxd6 9. Bxd6 P@a6 10. Bxc6 Bxc6 11. B@e7 Bxf3 
12. Qxf3 B@c6 13. Bxd8 N@d5 14. N@c7+ Kxd8 15. Nxd5 Nxd5 16. Qxd5 
{JiggaB resigns} 1-0

[Event "fics rated crazyhouse match"]
[Site "fics, Oklahoma City, OK USA"]
[Date "2000.12.23"]
[White "JiggaB"]
[WhiteElo "2318"]
[Black "Thufir"]
[BlackElo "2327"]
[TimeControl "60+0"]
[Result "0-1"]

1. e4 e6 2. d4 d6 3. Nc3 Nf6 4. Nf3 Be7 5. Bg5 Nc6 6. e5 
Nd5 7. Nxd5 exd5 8. Bxe7 Qxe7 9. B@h4 f6 10. N@h5 dxe5 11. dxe5 Nxe5 
12. Nxe5 Qxe5+ 13. Qe2 P@d2+ 14. Kxd2 N@c4+ 15. Kc1 P@d2+ 16. Kb1 Qxe2 17. Bxe2 
N@c3+ 18. bxc3 Q@b2# 
{JiggaB checkmated} 0-1

[Event "fics rated crazyhouse match"]
[Site "fics, Oklahoma City, OK USA"]
[Date "2000.12.23"]
[White "Thufir"]
[WhiteElo "2335"]
[Black "JiggaB"]
[BlackElo "2310"]
[TimeControl "60+0"]
[Result "1-0"]

1. e4 Nc6 2. d4 e6 3. Nf3 Nf6 4. e5 Ne4 5. Be2 Bb4+ 6. c3 
Ba5 7. O-O d6 8. exd6 cxd6 9. Bd3 d5 10. P@h6 Rg8 11. Bxe4 dxe4 
12. Ng5 B@g6 13. hxg7 Rxg7 14. P@e5 P@e7 15. Nd2 P@d5 16. f3 e3 17. Nb3 
Bc7 18. Bxe3 h6 19. Nh3 Bf5 20. P@g4 Bh7 21. Bxh6 Rg6 22. Be3 Bd7 
23. Nf4 Rg8 24. Nh5 Qb8 25. Nc5 b6 26. Nxd7 Kxd7 27. N@f6+ exf6 28. Nxf6+ 
Ke7 29. Nxh7 Kd7 30. Nf6+ Ke7 31. Nxg8+ Qxg8 32. B@f6+ Kd7 33. P@g7 N@g6 
34. B@b5 N@a5 35. P@h5 a6 36. hxg6 fxg6 37. R@e7+ Kc8 38. Bxc6 Nxc6 39. N@d6+ 
Bxd6 40. exd6 B@d7 41. Rxd7 P@f2+ 42. Rxf2 Kxd7 43. N@e7 N@h3+ 44. gxh3 Nxe7 
45. dxe7 R@g2+ 46. Kh1 Rg1+ 47. Kxg1 N@c6 48. Kf1 Kc7 49. N@e5 Kb7 50. N@d6+ 
Kb8 51. R@b7# 
{JiggaB checkmated} 1-0

[Event "fics rated crazyhouse match"]
[Site "fics, Oklahoma City, OK USA"]
[Date "2000.12.23"]
[White "JiggaB"]
[WhiteElo "2303"]
[Black "Thufir"]
[BlackElo "2342"]
[TimeControl "60+0"]
[Result "1-0"]

1. e4 e6 2. d4 Nc6 3. Nf3 Nf6 4. Nc3 Bb4 5. Bd3 d5 6. e5 
Ne4 7. Bd2 Nxd2 8. Qxd2 B@e4 9. Ng5 Bf3 10. Nxf3 Bxc3 11. bxc3 N@e4 
12. B@h4 Nxd2 13. Bxd8 Nxf3+ 14. gxf3 Kxd8 15. B@h4+ N@e7 16. Bxe7+ Nxe7 17. N@d6 
cxd6 18. exd6 B@a5 19. dxe7+ Kxe7 20. Q@c5+ B@d6 21. Qxa5 P@b6 22. Qa4 Bd7 
23. Qb3 N@f4 24. B@f1 Rac8 25. P@e5 Bxe5 26. dxe5 P@g2 27. B@d6+ Ke8 28. Bxg2 
Nxg2+ 29. Kd1 B@c5 30. N@f6+ gxf6 
{Thufir resigns} 1-0

[Event "fics rated crazyhouse match"]
[Site "fics, Oklahoma City, OK USA"]
[Date "2000.12.23"]
[White "AngelicK"]
[WhiteElo "2321"]
[Black "JiggaB"]
[BlackElo "2312"]
[TimeControl "60+0"]
[Result "1-0"]

1. e4 e6 2. Nc3 Nc6 3. d4 Nf6 4. Nf3 Bb4 5. e5 Ne4 6. Bd3 
Nxf2 7. Kxf2 Nxd4 8. Rf1 Bxc3 9. bxc3 Nf5 10. Bxf5 exf5 11. N@h5 Rg8 
12. B@g5 P@e7 13. N@d5 B@c5+ 14. Bce3 Bxe3+ 15. Bxe3 N@e4+ 16. Kg1 B@d6 17. B@d3 
Bc5 18. Bxc5 Nxc5 19. Nd4 Nxd3 20. cxd3 B@h4 21. B@e1 B@g5 22. N@f3 Bxe1 
23. Qxe1 B@h6 24. B@f6 gxf6 25. exf6 Bxf6 26. Ndxf6+ Kf8 27. Nxh7+ Ke8 28. N5f6# 
{JiggaB checkmated} 1-0

[Event "fics rated crazyhouse match"]
[Site "fics, Oklahoma City, OK USA"]
[Date "2000.12.23"]
[White "JiggaB"]
[WhiteElo "2304"]
[Black "AngelicK"]
[BlackElo "2329"]
[TimeControl "60+0"]
[Result "0-1"]

1. d4 e6 2. Nf3 b6 3. e4 Bb7 4. Nc3 Nf6 5. Bd3 Bb4 6. e5 
Nd5 7. Bd2 d6 8. exd6 cxd6 9. P@h6 Nxc3 10. bxc3 gxh6 11. Bxh6 Bxc3+ 
12. Kf1 P@g4 13. Ng5 Bxg2+ 14. Kxg2 P@f3+ 15. Kg3 P@f5 16. N@g7+ Kd7 17. Bb5+ 
P@c6 18. h4 N@h5+ 19. Kh2 Bxa1 20. Rg1 cxb5 21. P@h3 gxh3 22. Nxh3 B@e5+ 
23. dxe5 Bxe5+ 24. B@g3 Qxh4 25. Bxe5 P@c7 26. Nxh5 Qxh5 27. N@f6+ Kc8 28. Nxh5 
N@g4+ 29. Rxg4 fxg4 30. N@e7+ Kb7 31. B@e4+ P@c6 32. Nxc6 R@g2+ 33. Kh1 Rh2+ 
34. Bxh2 P@g2+ 35. Kg1 R@h1# 
{JiggaB checkmated} 0-1

[Event "fics rated crazyhouse match"]
[Site "fics, Oklahoma City, OK USA"]
[Date "2000.12.23"]
[White "AngelicK"]
[WhiteElo "2336"]
[Black "JiggaB"]
[BlackElo "2297"]
[TimeControl "60+0"]
[Result "1-0"]

1. e4 e6 2. Nc3 Nc6 3. d4 Nf6 4. Nf3 Bb4 5. e5 Ne4 6. Bd3 
Bxc3+ 7. bxc3 Nxf2 8. Kxf2 P@g6 9. Rf1 d6 10. exd6 cxd6 11. P@h6 P@f5 
12. hxg7 Rg8 13. N@f8 Rxg7 14. Bh6 Kxf8 15. B@g5 P@f6 16. Bxf6 Qxf6 17. P@g5 
N@g4+ 18. Kg1 Qe7 19. Bxg7+ Kxg7 20. P@f6+ Nxf6 21. gxf6+ Qxf6 22. N@e8+ Kf8 
23. Nxf6 B@d7 24. R@g8+ Ke7 25. Qd2 B@f8 26. Qg5 P@h6 27. Nd5+ Ke8 28. Nc7# 
{JiggaB checkmated} 1-0

[Event "fics rated crazyhouse match"]
[Site "fics, Oklahoma City, OK USA"]
[Date "2000.12.23"]
[White "JiggaB"]
[WhiteElo "2290"]
[Black "AngelicK"]
[BlackElo "2343"]
[TimeControl "60+0"]
[Result "1-0"]

1. d4 e6 2. Nf3 Nc6 3. Nc3 Nf6 4. Bg5 Bb4 5. Bxf6 Qxf6 6. e4 
B@g4 7. Be2 d6 8. e5 dxe5 9. dxe5 Nxe5 10. N@e4 Nxf3+ 11. Bxf3 Bxc3+ 
12. bxc3 Qxf3 13. gxf3 N@g2+ 14. Kf1 N@e3+ 15. fxe3 Nxe3+ 16. Ke2 Nxd1 17. Raxd1 
Bxf3+ 18. Kxf3 P@g4+ 19. Ke3 B@f4+ 20. Kd3 P@c4+ 21. Kxc4 P@d5+ 22. Kb3 Bd7 
23. N@f6+ gxf6 24. Nxf6+ Kd8 25. B@a3 Q@a4+ 26. Kb2 N@c4+ 27. Kb1 Nxa3+ 28. Ka1 
Nxc2+ 29. Kb2 P@a3+ 30. Kb1 Nb4 31. P@e7+ Kc8 32. Q@d8+ Rxd8 33. exd8=Q+ Kxd8 
34. R@h8+ B@e8 35. P@e7+ Kxe7 36. Nxd5+ Nxd5 37. B@h4+ P@f6 38. Rxe8+ Bxe8 39. B@c5+ 
P@d6 40. Bxf6+ Nxf6 41. Bxd6# 
{AngelicK forfeits on time} 1-0

[Event "fics rated crazyhouse match"]
[Site "fics, Oklahoma City, OK USA"]
[Date "2000.12.23"]
[White "AngelicK"]
[WhiteElo "2334"]
[Black "JiggaB"]
[BlackElo "2299"]
[TimeControl "60+0"]
[Result "0-1"]

1. e4 d5 2. Nc3 e6 3. exd5 exd5 4. d4 Nf6 5. Nf3 Be7 6. Be2 
Nc6 7. O-O P@h3 8. gxh3 Bxh3 9. Re1 P@e4 10. Ng5 Bf5 11. P@g4 Bg6 
12. P@f5 Nxd4 13. fxg6 hxg6 14. Qxd4 P@c5 15. Qa4+ P@c6 16. Bf4 Nxg4 17. Nxf7 
Kxf7 18. P@e6+ Kf8 19. Bxg4 P@f5 20. N@e5 fxg4 21. Nxg6+ Kg8 22. Nxh8 N@h3+ 
23. Kf1 B@g2+ 24. Ke2 Bf3+ 25. Kd2 Bg5 26. P@f7+ Kxh8 27. R@g8+ Qxg8 28. fxg8=Q+ 
Kxg8 29. Bxg5 Nxg5 30. B@f7+ Kh8 31. Q@h5+ B@h6 32. N@g6+ Kh7 33. B@f5 Nxf7+ 
34. Qxh6+ Kxh6 35. B@e3+ P@g5 36. exf7 B@d4 37. Qxd4 cxd4 38. N@f8 N@c4+ 39. Kc1 
R@d1+ 40. Rxd1 Q@b1+ 41. Kxb1 Q@d2 42. Bxd2 Kh5 
{AngelicK forfeits on time} 0-1

[Event "fics rated crazyhouse match"]
[Site "fics, Oklahoma City, OK USA"]
[Date "2000.12.24"]
[White "tantheman"]
[WhiteElo "2277"]
[Black "Bobeskillz"]
[BlackElo "2253"]
[TimeControl "60+0"]
[Result "1-0"]

1. e4 e6 2. Nc3 Nc6 3. Nf3 Bb4 4. Be2 Nf6 5. e5 Ng4 6. d4 
Bxc3+ 7. bxc3 N@e4 8. O-O Nxc3 9. Qe1 Nxe2+ 10. Qxe2 B@d5 11. N@h5 Rg8 
12. B@e3 Nxe3 13. Bxe3 B@g4 14. N@f6+ gxf6 15. Nxf6+ Qxf6 16. exf6 Bgxf3 17. P@g7 
Bxe2 18. f3 Bexf3 19. Rxf3 Bxf3 20. Q@f8+ Rxf8 21. gxf8=Q+ Kxf8 22. B@g7+ Ke8 
23. R@f8# 
{Bobeskillz checkmated} 1-0

[Event "fics rated crazyhouse match"]
[Site "fics, Oklahoma City, OK USA"]
[Date "2000.12.24"]
[White "Bobeskillz"]
[WhiteElo "2241"]
[Black "tantheman"]
[BlackElo "2284"]
[TimeControl "60+0"]
[Result "0-1"]

1. e4 e6 2. Nc3 b6 3. d4 Bb7 4. Bd3 Nf6 5. e5 Nd5 6. Nxd5 
exd5 7. Nf3 Bb4+ 8. c3 Be7 9. N@f5 N@e6 10. Nxe7 Qxe7 11. B@h4 f6 
12. exf6 gxf6 13. P@e5 P@e4 14. Bxf6 Qf7 15. Bxh8 exd3 16. R@f6 N@c2+ 17. Kd2 
Qe7 18. P@f7+ Kd8 19. Kxd3 B@e4+ 20. Kd2 Nxa1 21. P@d6 R@d3+ 22. Ke1 Rxd1+ 
23. Kxd1 Bxf3+ 24. Rxf3 Q@c2+ 25. Ke1 Qxc1+ 26. B@d1 B@d2+ 27. Ke2 N@f4+ 28. Rxf4 
Nxf4+ 29. Kf3 Qxd1# 
{Bobeskillz forfeits on time} 0-1

[Event "fics rated crazyhouse match"]
[Site "fics, Oklahoma City, OK USA"]
[Date "2000.12.24"]
[White "tantheman"]
[WhiteElo "2291"]
[Black "Bobeskillz"]
[BlackElo "2230"]
[TimeControl "60+0"]
[Result "1-0"]

1. e4 e6 2. Nc3 Nc6 3. Nf3 Bb4 4. Be2 Nf6 5. e5 Bxc3 6. dxc3 
Ng4 7. B@g3 N@f5 8. O-O Nxg3 9. fxg3 Ncxe5 10. Nxe5 Nxe5 11. N@h5 Rg8 
12. Bf4 P@f6 13. Bxe5 fxe5 14. N@b5 B@b6+ 15. Kh1 N@e3 16. Qd3 Nxf1 17. Rxf1 
B@g6 18. Nxg7+ Rxg7 19. Qf3 N@g5 20. N@f6+ Kf8 21. P@h6 Nxf3 22. hxg7+ Kxg7 
23. Bxf3 P@f2 24. N@h5+ Kh8 25. N@h3 R@g1+ 26. Rxg1 fxg1=Q+ 27. Nxg1 Bxg1 28. P@g7# 
{Bobeskillz checkmated} 1-0

[Event "fics rated crazyhouse match"]
[Site "fics, Oklahoma City, OK USA"]
[Date "2000.12.24"]
[White "Bobeskillz"]
[WhiteElo "2220"]
[Black "tantheman"]
[BlackElo "2298"]
[TimeControl "60+0"]
[Result "1-0"]

1. e4 e6 2. Nc3 Nc6 3. d4 Nf6 4. e5 Nd5 5. Nxd5 exd5 6. Nf3 
d6 7. Bb5 Bg4 8. N@a5 dxe5 9. Nxb7 Qd7 10. Na5 Bb4+ 11. Bd2 Bxa5 
12. Bxa5 O-O 13. Bxc6 Qxc6 14. N@e7+ Kh8 15. Nxc6 B@b5 16. P@f6 gxf6 17. B@h6 
N@f5 18. Ncxe5 P@g7 19. Bxg7+ Nxg7 20. P@h6 B@f4 21. hxg7+ Kxg7 22. Nxg4 P@g6 
23. P@h6+ Bxh6 24. Nxh6 P@e6 25. Bd2 P@e7 26. Nf5+ gxf5 27. B@h6+ Kg6 28. Q@g7+ 
Kh5 29. N@g3# 
{tantheman checkmated} 1-0

[Event "fics rated crazyhouse match"]
[Site "fics, Oklahoma City, OK USA"]
[Date "2000.12.24"]
[White "tantheman"]
[WhiteElo "2288"]
[Black "Bobeskillz"]
[BlackElo "2235"]
[TimeControl "60+0"]
[Result "1-0"]

1. e3 e6 2. b3 Nc6 3. Bb2 Nf6 4. Nf3 d6 5. d4 Be7 6. Be2 
O-O 7. O-O Ng4 8. c4 e5 9. dxe5 Ncxe5 10. h3 Nxf3+ 11. Bxf3 Ne5 
12. N@h5 P@g6 13. Nxg7 Kxg7 14. P@f4 N@h4 15. fxe5 dxe5 16. Bxe5+ P@f6 17. Bf4 
Qxd1 18. P@h6+ Kg8 19. Bxd1 N@f5 20. N@d5 Bd6 21. P@e7 Bxf4 22. exf8=Q+ Kxf8 
23. Q@d8# 
{Bobeskillz forfeits on time} 1-0

[Event "fics rated crazyhouse match"]
[Site "fics, Oklahoma City, OK USA"]
[Date "2000.12.24"]
[White "Bobeskillz"]
[WhiteElo "2225"]
[Black "tantheman"]
[BlackElo "2295"]
[TimeControl "60+0"]
[Result "0-1"]

1. e4 e6 2. Nc3 d5 3. exd5 exd5 4. Bb5+ Nc6 5. Qe2+ Be7 6. Bxc6+ 
bxc6 7. N@e5 B@g6 8. Nxc6 Qd6 9. Nxe7 Nxe7 10. B@e5 Qe6 11. Bxg7 Qxe2+ 
12. Ngxe2 Bxc2 13. O-O P@h3 14. Q@g3 hxg2 15. Qxg2 P@h3 16. Qg5 P@g2 17. Ng3 
N@f3# 
{Bobeskillz checkmated} 0-1

[Event "fics rated crazyhouse match"]
[Site "fics, Oklahoma City, OK USA"]
[Date "2000.12.24"]
[White "tantheman"]
[WhiteElo "2301"]
[Black "Bobeskillz"]
[BlackElo "2216"]
[TimeControl "60+0"]
[Result "1-0"]

1. e4 Nf6 2. Nc3 d5 3. exd5 Nxd5 4. Nf3 Nxc3 5. bxc3 Nc6 6. d4 
N@e4 7. Bd2 e5 8. dxe5 Nxd2 9. Nxd2 Nxe5 10. Be2 P@b2 11. Rb1 B@f4 
12. P@e3 Bxe3 13. fxe3 P@f2+ 14. Kxf2 Bc5 15. P@d4 P@f4 16. exf4 Bxd4+ 17. cxd4 
Qxd4+ 18. B@e3 Qxe3+ 19. Kxe3 B@b6+ 20. P@d4 Bxd4+ 21. Kxd4 Nc6+ 22. Kc3 P@b4+ 
23. Kxb2 P@c3+ 24. Ka1 P@b2+ 25. Rxb2 cxb2+ 26. Kxb2 Be6 27. P@b3 R@a3 28. N@b5 
Bxb3 29. cxb3 
{Bobeskillz forfeits on time} 1-0

[Event "fics rated crazyhouse match"]
[Site "fics, Oklahoma City, OK USA"]
[Date "2000.12.24"]
[White "Bobeskillz"]
[WhiteElo "2208"]
[Black "tantheman"]
[BlackElo "2307"]
[TimeControl "60+0"]
[Result "1-0"]

1. e4 b6 2. d4 Bb7 3. Nc3 e6 4. Nf3 Nf6 5. e5 Ng4 6. h3 
Nxf2 7. Kxf2 Bb4 8. Bd3 Bxc3 9. bxc3 P@e4 10. N@h5 Rg8 11. B@h4 Qc8 
12. Bxe4 Bxe4 13. P@f6 N@f5 14. fxg7 Nxh4 15. Nf6+ Ke7 16. Nxg8+ Qxg8 17. Bg5+ 
f6 18. Bxf6+ Kf7 19. Ng5+ Kg6 20. P@h5+ Kh6 21. Nf7+ Qxf7 22. P@g5# 
{tantheman checkmated} 1-0

[Event "fics rated crazyhouse match"]
[Site "fics, Oklahoma City, OK USA"]
[Date "2000.12.24"]
[White "tantheman"]
[WhiteElo "2297"]
[Black "Bobeskillz"]
[BlackElo "2222"]
[TimeControl "60+0"]
[Result "1-0"]

1. e3 e6 2. b3 b6 3. Bb2 Bb7 4. Nf3 Nf6 5. d4 Bxf3 6. Qxf3 
Bd6 7. Qxa8 N@b4 8. Bd3 Nxd3+ 9. cxd3 B@a5+ 10. B@d2 Bxd2+ 11. Nxd2 B@c2 
12. O-O Bxd3 13. B@b7 O-O 14. d5 Bxf1 15. Rxf1 P@e2 16. B@f3 exf1=Q+ 17. Nxf1 
R@e1 18. P@g5 Rxf1+ 19. Kxf1 N@d2+ 20. Ke2 Nxf3 21. gxf3 B@a6+ 22. Ke1 R@f1+ 
23. Kd2 Bb4+ 24. N@c3 Bxb7 25. Qxb7 B@e1+ 26. Ke2 Rxf2+ 27. Kxe1 Rxb2 28. gxf6 
P@f2+ 29. Kf1 Qxf6 30. B@d4 B@h3+ 31. B@g2 P@e2+ 32. Nxe2 Bxg2+ 33. Kxg2 Rxe2 
34. Bxf6 N@e1+ 35. Kg3 
{Bobeskillz forfeits on time} 1-0

[Event "fics rated crazyhouse match"]
[Site "fics, Oklahoma City, OK USA"]
[Date "2000.12.24"]
[White "Bobeskillz"]
[WhiteElo "2214"]
[Black "tantheman"]
[BlackElo "2303"]
[TimeControl "60+0"]
[Result "1-0"]

1. d4 e6 2. Nf3 b6 3. Nc3 Bb7 4. g3 Nf6 5. Bg2 Bb4 6. O-O 
Bxc3 7. bxc3 O-O 8. B@g5 h6 9. Bxf6 Qxf6 10. N@g4 Qg6 11. Nfe5 Bxg2 
12. Nxg6 fxg6 13. Kxg2 B@f5 14. Nxh6+ gxh6 15. Bxh6 N@h5 16. P@g7 N@f4+ 17. gxf4 
N@h4+ 18. Kg1 Nxg7 19. Bxg7 Kxg7 20. P@h6+ Kxh6 21. B@g5+ Kg7 22. N@h5+ gxh5 
23. Q@h6+ Kf7 24. Qf6+ Ke8 25. Qe7# 
{tantheman checkmated} 1-0

[Event "fics rated crazyhouse match"]
[Site "fics, Oklahoma City, OK USA"]
[Date "2000.12.24"]
[White "tantheman"]
[WhiteElo "2293"]
[Black "Bobeskillz"]
[BlackElo "2227"]
[TimeControl "60+0"]
[Result "1-0"]

1. b3 Nf6 2. Bb2 g6 3. e3 Bg7 4. Nf3 O-O 5. Be2 d6 6. O-O 
Nc6 7. d4 Bg4 8. c4 Bxf3 9. Bxf3 e5 10. Bxc6 bxc6 11. dxe5 dxe5 
12. Bxe5 Qxd1 13. Rxd1 P@e2 14. Nc3 exd1=Q+ 15. Rxd1 B@e4 16. Nxe4 R@g4 17. Nxf6+ 
Kh8 18. Nxg4 Bxe5 19. Nxe5 B@g7 20. R@g8+ Kxg8 21. N@e7+ Kh8 22. Q@g8+ Rxg8 
23. Nxf7# 
{Bobeskillz checkmated} 1-0

[Event "fics rated crazyhouse match"]
[Site "fics, Oklahoma City, OK USA"]
[Date "2000.12.24"]
[White "Bobeskillz"]
[WhiteElo "2219"]
[Black "tantheman"]
[BlackElo "2300"]
[TimeControl "60+0"]
[Result "0-1"]

1. e4 e6 2. g3 b6 3. Bg2 Bb7 4. Nc3 f5 5. d3 Nf6 6. Qe2 
fxe4 7. dxe4 Bb4 8. f3 O-O 9. e5 Nd5 10. Bd2 Bxc3 11. bxc3 P@e3 
12. Bxe3 Nxe3 13. Qxe3 N@d5 14. Qd3 B@b2 15. B@d2 Bxa1 16. P@h6 gxh6 17. P@f6 
P@b2 18. Bxh6 b1=Q+ 19. N@d1 Rf7 20. Bg7 Qxd1+ 21. Qxd1 Bxc3+ 22. Kf1 Bxe5 
{Bobeskillz forfeits on time} 0-1

[Event "fics rated crazyhouse match"]
[Site "fics, Oklahoma City, OK USA"]
[Date "2000.12.24"]
[White "tantheman"]
[WhiteElo "2306"]
[Black "Bobeskillz"]
[BlackElo "2212"]
[TimeControl "60+0"]
[Result "0-1"]

1. e3 Nf6 2. b3 g6 3. Bb2 Bg7 4. Nf3 Nc6 5. Be2 d6 6. O-O 
Bg4 7. d4 Bxf3 8. Bxf3 N@h4 9. Bxc6+ bxc6 10. c4 B@e4 11. f3 Bxb1 
12. Rxb1 e5 13. dxe5 dxe5 14. Bxe5 Qxd1 15. Rbxd1 N@h3# 
{tantheman resigns} 0-1

[Event "fics rated crazyhouse match"]
[Site "fics, Oklahoma City, OK USA"]
[Date "2000.12.24"]
[White "Bobeskillz"]
[WhiteElo "2224"]
[Black "tantheman"]
[BlackElo "2296"]
[TimeControl "60+0"]
[Result "0-1"]

1. d4 e6 2. e4 d5 3. e5 Nc6 4. Nf3 Nge7 5. Bg5 Qd7 6. Bb5 
Nf5 7. Bxc6 bxc6 8. O-O Ba6 9. Re1 B@e4 10. Rxe4 dxe4 11. Nfd2 Nxd4 
12. Nxe4 P@e2 13. N@f6+ gxf6 14. Nxf6+ Kd8 15. Nxd7+ Kc8 16. Nb6+ axb6 17. P@d7+ 
Kb7 18. B@c8+ Ka7 19. Bxa6 exd1=Q+ 20. B@f1 N@e2+ 21. Bxe2 Nxe2+ 22. Kh1 Q@g1# 
{Bobeskillz checkmated} 0-1

[Event "fics rated crazyhouse match"]
[Site "fics, Oklahoma City, OK USA"]
[Date "2000.12.24"]
[White "tantheman"]
[WhiteElo "2302"]
[Black "Bobeskillz"]
[BlackElo "2217"]
[TimeControl "60+0"]
[Result "0-1"]

1. e3 d5 2. b3 Nf6 3. Bb2 g6 4. Nf3 Bg7 5. d4 Bg4 6. Be2 
Nbd7 7. Ne5 Bxe2 8. Qxe2 O-O 9. h4 Nxe5 10. dxe5 Ne4 11. h5 gxh5 
12. Qxh5 B@g6 13. N@h6+ Kh8 14. Nxf7+ Rxf7 15. Qxg6 N@h6 16. Rxh6 Bxh6 17. Qxh6 
R@g6 18. Qh5 P@g3 19. fxg3 Nxg3 20. Qxg6 Rf1+ 21. Kd2 N@e4+ 22. Kd3 P@c4+ 
23. Kd4 c5# 
{tantheman checkmated} 0-1

[Event "fics rated crazyhouse match"]
[Site "fics, Oklahoma City, OK USA"]
[Date "2000.12.24"]
[White "Bobeskillz"]
[WhiteElo "2228"]
[Black "tantheman"]
[BlackElo "2292"]
[TimeControl "60+0"]
[Result "0-1"]

1. e4 e6 2. Nc3 b6 3. g3 Bb7 4. Bg2 f5 5. Nh3 Nf6 6. O-O 
fxe4 7. Ng5 P@f3 8. Bxf3 exf3 9. P@f7+ Ke7 10. Nxf3 B@g4 11. P@g2 Bgxf3 
12. gxf3 Kxf7 13. d3 P@g4 14. Ne4 gxf3 15. Qxf3 P@f5 16. Ng5+ Ke7 17. Qxb7 
h6 18. Qxa8 hxg5 19. B@g6 N@e5 20. B@d4 N@f3+ 21. Kh1 Rxh2# 
{Bobeskillz checkmated} 0-1

[Event "fics rated crazyhouse match"]
[Site "fics, Oklahoma City, OK USA"]
[Date "2000.12.24"]
[White "tantheman"]
[WhiteElo "2299"]
[Black "Bobeskillz"]
[BlackElo "2221"]
[TimeControl "60+0"]
[Result "1-0"]

1. e4 e6 2. Nc3 Nc6 3. Nf3 a6 4. d4 b5 5. Be2 b4 6. O-O 
bxc3 7. bxc3 Nf6 8. e5 Ne4 9. Qd3 d5 10. c4 N@f5 11. cxd5 exd5 
12. c4 Be6 13. cxd5 Bxd5 14. P@c4 Bxc4 15. Qxc4 Nfxd4 16. Nxd4 Nxd4 17. B@f3 
Nxe2+ 18. Qxe2 Nc3 19. Qc4 P@d5 20. Qxc3 P@e4 21. Bg4 B@d7 22. Bxd7+ Qxd7 
23. B@c6 N@e2+ 24. Kh1 Nxc3 25. Bxd7+ Kxd7 26. P@c6+ Kxc6 27. N@a5+ Kb5 28. Q@c6+ 
Kxa5 29. N@b7+ Kb4 30. N@c2# 
{Bobeskillz checkmated} 1-0

[Event "fics rated crazyhouse match"]
[Site "fics, Oklahoma City, OK USA"]
[Date "2000.12.24"]
[White "Bobeskillz"]
[WhiteElo "2214"]
[Black "tantheman"]
[BlackElo "2305"]
[TimeControl "60+0"]
[Result "0-1"]

1. e4 e6 2. d4 Nc6 3. Bb5 Nf6 4. Bxc6 bxc6 5. e5 Ne4 6. Nd2 
d5 7. Nxe4 dxe4 8. Nh3 Ba6 9. Be3 Bb4+ 10. c3 N@d3+ 11. Kd2 Nxb2 
12. Qc1 Nc4+ 13. Ke1 P@b2 14. cxb4 bxc1=Q+ 15. Rxc1 Nxe3 16. P@e2 B@b2 17. fxe3 
Bxc1 18. B@f2 B@d2+ 19. Kf1 Q@d1+ 20. N@e1 Qxe2+ 21. Kg1 Qf1# 
{Bobeskillz checkmated} 0-1

[Event "fics rated crazyhouse match"]
[Site "fics, Oklahoma City, OK USA"]
[Date "2000.12.24"]
[White "tantheman"]
[WhiteElo "2311"]
[Black "Bobeskillz"]
[BlackElo "2208"]
[TimeControl "60+0"]
[Result "1-0"]

1. e3 e5 2. b3 c5 3. Bb2 Nc6 4. Nf3 d6 5. Bb5 Bd7 6. O-O 
Be7 7. d3 Nf6 8. e4 Nd4 9. Bxd7+ Qxd7 10. Bxd4 cxd4 11. B@a4 B@c6 
12. Nbd2 Bxa4 13. bxa4 B@g4 14. B@b5 B@c6 15. h3 Bxf3 16. Nxf3 N@f4 17. B@f5 
Bxb5 18. axb5 Qc7 19. B@g5 B@e2 20. Bxf4 Bxd1 21. Raxd1 exf4 22. Nxd4 B@c5 
23. Nf3 d5 24. exd5 Nxd5 25. P@d7+ Kf8 26. N@e6# 
{Bobeskillz forfeits on time} 1-0

[Event "fics rated crazyhouse match"]
[Site "fics, Oklahoma City, OK USA"]
[Date "2000.12.24"]
[White "Bobeskillz"]
[WhiteElo "2202"]
[Black "tantheman"]
[BlackElo "2317"]
[TimeControl "60+0"]
[Result "0-1"]

1. e4 e6 2. d4 b6 3. Bd3 Bb7 4. Nf3 Nf6 5. h3 Nxe4 6. Bxe4 
Bxe4 7. N@g5 Bb7 8. Nxf7 Kxf7 9. P@g6+ hxg6 10. Ne5+ Ke8 11. Nxg6 Bxg2 
12. Nxh8 P@f7 13. Rg1 N@f3+ 14. Ke2 Nxg1+ 15. Qxg1 P@f3+ 16. Kd3 B@e2+ 17. Ke3 
Qg5+ 18. P@f4 Qf5 19. R@c8+ R@d8 20. Rxd8+ Kxd8 21. R@e5 Qf6 22. N@b7+ Kc8 
23. Nc3 Kxb7 24. d5 N@c4# 
{Bobeskillz forfeits on time} 0-1

[Event "fics rated crazyhouse match"]
[Site "fics, Oklahoma City, OK USA"]
[Date "2000.12.24"]
[White "tantheman"]
[WhiteElo "2322"]
[Black "Bobeskillz"]
[BlackElo "2197"]
[TimeControl "60+0"]
[Result "0-1"]

1. e4 e6 2. Nc3 Nc6 3. Nf3 Nf6 4. e5 Ng4 5. d4 d6 6. exd6 
Bxd6 7. Be2 Bb4 8. O-O P@e4 9. Ng5 Nxh2 10. Kxh2 Nxd4 11. Ncxe4 Nxe2 
12. Qxe2 P@f6 13. Nxf7 Kxf7 14. N@g5+ fxg5 15. Nxg5+ Kf8 16. Qf3+ N@f6 17. P@h6 
N@g4+ 18. Kh1 Nxh6 19. Ne4 Rg8 20. Nxf6 Qxf6 21. Qxf6+ gxf6 22. Bxh6+ P@g7 
23. Bxg7+ Rxg7 24. P@g3 Q@h5+ 25. P@h3 P@f3 26. gxf3 Qxh3+ 27. Kg1 B@g2 28. Q@h8+ 
B@g8 29. Qxg7+ Kxg7 30. P@h6+ Qxh6 31. Kxg2 Q@h2# 
{tantheman checkmated} 0-1

[Event "fics rated crazyhouse match"]
[Site "fics, Oklahoma City, OK USA"]
[Date "2000.12.24"]
[White "Bobeskillz"]
[WhiteElo "2208"]
[Black "tantheman"]
[BlackElo "2311"]
[TimeControl "60+0"]
[Result "0-1"]

1. e4 b6 2. Nc3 Bb7 3. d3 e6 4. Nh3 Nf6 5. Bg5 Be7 6. e5 
Nd5 7. Bxe7 Qxe7 8. B@g5 f6 9. exf6 gxf6 10. Nxd5 exd5+ 11. Be3 d4 
12. P@g7 Rg8 13. N@f5 Qe6 14. Qh5+ B@f7 15. Nf4 dxe3 16. Nxe6 P@d2+ 17. Kd1 
Bxh5+ 18. Be2 Q@e1+ 19. Rxe1 dxe1=Q+ 20. Kxe1 B@d2+ 21. Kf1 Bxe2+ 22. Kg1 N@h3+ 
23. Kh1 R@g1+ 24. Rxg1 Nxf2# 
{Bobeskillz checkmated} 0-1

[Event "fics rated crazyhouse match"]
[Site "fics, Oklahoma City, OK USA"]
[Date "2000.12.24"]
[White "tantheman"]
[WhiteElo "2317"]
[Black "Bobeskillz"]
[BlackElo "2202"]
[TimeControl "60+0"]
[Result "1-0"]

1. e3 b6 2. b3 Bb7 3. Bb2 Nf6 4. Nf3 Nc6 5. d4 d6 6. Be2 
g6 7. c4 Bg7 8. O-O O-O 9. Nbd2 e6 10. e4 e5 11. dxe5 dxe5 
12. Nxe5 Nxe5 13. Bxe5 Bxe4 14. Nxe4 Qxd1 15. Raxd1 Nxe4 16. N@h6+ Kh8 17. Q@g8+ 
Rxg8 18. Nxf7# 
{Bobeskillz checkmated} 1-0